[Event "*** SCC Grand Prix: Titled Tuesday Blitz"]
[Site "Chess.com"]
[Date "2020.10.06"]
[Round "4"]
[White "burbur555"]
[Black "kngopal"]
[Result "1-0"]
[WhiteElo "2587"]
[BlackElo "2234"]
[TimeControl "180+1"]
[EndTime "10:36:48 PDT"]
[Termination "burbur555 won by resignation"]

1. d4 Nf6 2. Nf3 d5 3. Bf4 Bf5 4. e3 c6 5. c4 e6 6. Nc3 Nbd7 7. Qb3 Qb6 8. c5 Qxb3 9. axb3 Be7 10. h3 O-O 11. b4 a6 12. Be2 h6 13. Nd2 Rfe8 14. Nb3 b6 15. Bc7 bxc5 16. bxc5 Ne4 17. Nxe4 Bxe4 18. O-O e5 19. Rxa6 Rxa6 20. Bxa6 exd4 21.
exd4 Ra8 22. Bb7 Ra7 23. Na5 Bf6 24. b4 Bxd4 25. Rd1 Bc3 26. Bb6 Bxb4 27. Bxa7 Bxa5 28. Bxc6 Ne5 29. Bxd5 Bc2 30. Rc1 Ba4 31. Ra1 Bb3 32. Bxb3 1-0

[Event "*** SCC Grand Prix: Titled Tuesday Blitz"]
[Site "Chess.com"]
[Date "2020.10.06"]
[Round "4"]
[White "chesslh19"]
[Black "lukas_111111"]
[Result "0-1"]
[WhiteElo "2226"]
[BlackElo "2520"]
[TimeControl "180+1"]
[EndTime "10:36:52 PDT"]
[Termination "lukas_111111 won by resignation"]

1. e4 e5 2. Nf3 Nc6 3. Bb5 a6 4. Ba4 Nge7 5. c3 d6 6. O-O Bd7 7. d4 Ng6 8. Bg5 Be7 9. Bxe7 Qxe7 10. d5 Nb8 11. Bxd7+ Nxd7 12. c4 O-O 13. Nc3 f5 14. exf5 Rxf5 15. Nd2 Raf8 16. Nde4 Nf4 17. Ng3 R5f6 18.
Re1 Rh6 19. Qg4 Rh4 20. Qd1 Nc5 21. Nce4 Ncd3 22. Re3 Nxg2 23. Rxd3 Nf4 24. Re3 Qd7 25.
Ng5 Nh3+ 26. Nxh3 Qxh3 27. Nf1 Qf5 28. Qe2 Rf4 29. Rg3 Rxf2 30. Qg4 Rxf1+ 31. Kg2 Qxg4 32. Rxg4 Rxa1 0-1

[Event "*** SCC Grand Prix: Titled Tuesday Blitz"]
[Site "Chess.com"]
[Date "2020.10.06"]
[Round "4"]
[White "Kaponov"]
[Black "Colombiano07"]
[Result "1-0"]
[WhiteElo "2189"]
[BlackElo "2327"]
[TimeControl "180+1"]
[EndTime "10:36:52 PDT"]
[Termination "Kaponov won by resignation"]

1. g3 d5 2. Bg2 c5 3. d3 e5 4. Nd2 Nf6 5. e4 Nc6 6. Ngf3 Be7 7. O-O O-O 8. exd5 Nxd5 9. Nc4 f6 10. Re1 Be6 11. a4 Qd7 12. Nfd2 Rad8 13. Ne4 Rfe8 14. c3 Bf8 15. a5 Bh3 16. Bh1 Bg4 17. Qb3 Kh8 18. Ne3 Nxe3 19. Bxe3 Qxd3 20. Qxb7 Rc8 21. Nxc5 Bxc5 22. Bxc5 Qd7 23. Qxd7 Bxd7 24. b4 a6 25. Rad1 Be6 26. Rd6 Nb8 27. Red1 Kg8 28. Bb7 Rc7 29.
Rxe6 Rxe6 30. Rd8+ Kf7 31. Rxb8 Kg6 32. Bd5 1-0

[Event "*** SCC Grand Prix: Titled Tuesday Blitz"]
[Site "Chess.com"]
[Date "2020.10.06"]
[Round "4"]
[White "Ermito2020"]
[Black "Salem-AR"]
[Result "1-0"]
[WhiteElo "2662"]
[BlackElo "2897"]
[TimeControl "180+1"]
[EndTime "10:36:55 PDT"]
[Termination "Ermito2020 won by resignation"]

1. e4 c5 2. Nf3 d6 3. d4 cxd4 4. Nxd4 Nf6 5. Nc3 a6 6. Nb3 e6 7. g4 h6 8. Be3 b5 9. Bg2 Bb7 10. a3 Nc6 11. f4 Rc8 12. O-O Be7 13. h4 h5 14. g5 Ng4 15. Qe2 Na5 16. Nxa5 Qxa5 17.
Bd2 Qb6+ 18. Kh1 O-O 19. Bf3 Rc4 20. Rae1 Rfc8 21. Bxg4 hxg4 22. Qxg4 Bf8 23. g6 f5 24. Qh5 1-0

[Event "*** SCC Grand Prix: Titled Tuesday Blitz"]
[Site "Chess.com"]
[Date "2020.10.06"]
[Round "4"]
[White "Artyom_ChessMate"]
[Black "chorejason"]
[Result "1-0"]
[WhiteElo "2515"]
[BlackElo "2161"]
[TimeControl "180+1"]
[EndTime "10:36:55 PDT"]
[Termination "Artyom_ChessMate won by resignation"]

1. e4 c5 2. Nc3 Nc6 3. Bb5 Nd4 4.
Nf3 g6 5. Nxd4 cxd4 6. Ne2 Bg7 7. O-O e6 8. d3 Ne7 9. f4 O-O 10. Ba4 d6 11. Qe1 e5 12. Bb3 d5 13. f5 gxf5 14. exf5 Bxf5 15. Ng3 Be6 16. Nh5 f6 17. Nxg7 Kxg7 18.
Qh4 Kh8 19. Rxf6 Ng6 20. Rxf8+ Qxf8 21. Qg3 Qf6 22. Bg5 Qg7 23. Rf1 Rf8 24. Rxf8+ Qxf8 25. h4 Qf7 26. h5 Nf4 27. Bxf4 Qxf4 28. Qxf4 exf4 29.
Kf2 Bg4 30. h6 Be6 31. Kf3 Kg8 32. Kxf4 Kf7 33. Ke5 1-0

[Event "*** SCC Grand Prix: Titled Tuesday Blitz"]
[Site "Chess.com"]
[Date "2020.10.06"]
[Round "4"]
[White "Kezin_Roman"]
[Black "GameOverBro"]
[Result "1-0"]
[WhiteElo "2712"]
[BlackElo "2499"]
[TimeControl "180+1"]
[EndTime "10:36:56 PDT"]
[Termination "Kezin_Roman won by resignation"]

1. d4 d6 2. Nf3 Nf6 3. c4 Nbd7 4.
Nc3 e5 5. Bg5 Be7 6. e3 c6 7.
Be2 O-O 8. O-O a6 9. Qc2 b5 10. c5 dxc5 11. dxe5 Nd5 12. Bf4 N7b6 13. Rad1 Qc7 14.
Bg3 Be6 15. Ne4 c4 16. Nf6+ gxf6 17. exf6 Bd6 18. Ng5 Nxf6 19. Bxd6 Qb7 20. Be5 h6 21. Bxf6 hxg5 22. Qe4 Qc7 23. f4 g4 24. f5 Bd5 25.
Qxg4+ 1-0

[Event "*** SCC Grand Prix: Titled Tuesday Blitz"]
[Site "Chess.com"]
[Date "2020.10.06"]
[Round "4"]
[White "jacky72"]
[Black "Meri-Arabidze"]
[Result "0-1"]
[WhiteElo "2573"]
[BlackElo "2709"]
[TimeControl "180+1"]
[EndTime "10:36:56 PDT"]
[Termination "Meri-Arabidze won by resignation"]

1. d4 d5 2. c4 e6 3. Nc3 Nf6 4. cxd5 exd5 5. Bg5 Nbd7 6. Qc2 c6 7. e3 Be7 8. Bd3 O-O 9. Nf3 Re8 10. h3 Nf8 11. O-O h6 12. Bf4 Bd6 13. Ne5 Qe7 14. Bh2 a6 15. f4 c5 16. Rae1 c4 17. Be2 b5 18.
Bf3 Bb7 19. a3 b4 20. axb4 Bxb4 21. Kh1 Rac8 22. g4 Ne4 23. Nxe4 dxe4 24. Bxe4 Bxe1 25.
Rxe1 f6 26. d5 fxe5 27. fxe5 Qc5 28. d6 Bxe4+ 29. Qxe4 Qxd6 30. Qf4 Qc6+ 31. e4 Ne6 32. Qg3 Rf8 33. h4 c3 34. g5 hxg5 35. hxg5 cxb2 36. Qh4 Qc1 37. Bg3 Qxg5 38. Qh3 Qg6 39. Bh4 Rc1 40. Qxe6+ Qxe6 0-1

[Event "*** SCC Grand Prix: Titled Tuesday Blitz"]
[Site "Chess.com"]
[Date "2020.10.06"]
[Round "4"]
[White "rududuyk"]
[Black "ViktoriyaTarasova"]
[Result "1-0"]
[WhiteElo "2143"]
[BlackElo "2265"]
[TimeControl "180+1"]
[EndTime "10:36:56 PDT"]
[Termination "rududuyk won by checkmate"]

1. e4 c5 2. Nc3 d6 3. f4 g6 4.
Nf3 Bg7 5. Bc4 Nc6 6. O-O e6 7. d3 Nge7 8. Qe1 O-O 9. f5 exf5 10. Qh4 Qc7 11. Bh6 fxe4 12. dxe4 Be6 13. Bxe6 fxe6 14. Ng5 Bd4+ 15. Kh1 Rxf1+ 16. Rxf1 Nc8 17. Rf8# 1-0

[Event "*** SCC Grand Prix: Titled Tuesday Blitz"]
[Site "Chess.com"]
[Date "2020.10.06"]
[Round "4"]
[White "maximnovik"]
[Black "Sueetin"]
[Result "1-0"]
[WhiteElo "2534"]
[BlackElo "2300"]
[TimeControl "180+1"]
[EndTime "10:37:04 PDT"]
[Termination "maximnovik won by resignation"]

1. d4 Nf6 2. Bg5 e6 3. c3 d5 4.
Nd2 c5 5. e3 b6 6. f4 Be7 7.
Bd3 O-O 8. Ngf3 Ba6 9. Bc2 Ne8 10. h4 f6 11. Qb1 f5 12. g4 Nd6 13. Ne5 Ne4 14.
gxf5 exf5 15. Nxe4 fxe4 16. Qd1 Bc8 17. dxc5 bxc5 18.
Bxe7 Qxe7 19. Qxd5+ Be6 20. Qxa8 Qc7 21. Qxe4 Bf5 22.
Qd5+ Kh8 23. Bxf5 Rxf5 1-0

[Event "*** SCC Grand Prix: Titled Tuesday Blitz"]
[Site "Chess.com"]
[Date "2020.10.06"]
[Round "4"]
[White "chessmachine14"]
[Black "arminmusovic"]
[Result "0-1"]
[WhiteElo "2281"]
[BlackElo "2527"]
[TimeControl "180+1"]
[EndTime "10:37:04 PDT"]
[Termination "arminmusovic won by resignation"]

1. e4 c6 2. d4 d5 3. e5 c5 4.
dxc5 Nc6 5. Nf3 Bg4 6. Bb5 e6 7. h3 Bxf3 8. Qxf3 Bxc5 9. Be3 Qb6 10. Bxc5 Qxb5 11. Bd6 Qxb2 12. Qc3 Qc1+ 13. Ke2 Qxh1 14. Qg3 Nge7 15. Qxg7 Rg8 16. Qxh7 Rxg2 17. Nc3 Qxa1 18.
Nb5 Nd4+ 19. Nxd4 Qxd4 20. Qh8+ Kd7 21. Qf6 Rxf2+ 22. Qxf2 Qxf2+ 23. Kxf2 Nf5 24. Bb4 Rc8 25. c3 b6 26. Kf3 a5 27. Bf8 Rxf8 28. Kg4 f6 29. a4 fxe5 30. h4 Nxh4 31. c4 Rf4+ 32. Kh5 Rxc4 33. Kh6 Rxa4 34. Kg7 Rf4 35. Kg8 Ng2 36.
Kg7 b5 37. Kh8 a4 38. Kh7 b4 39. Kg6 d4 40. Kg5 e4 41. Kh5 e3 42. Kg6 d3 43. Kg7 b3 0-1

[Event "*** SCC Grand Prix: Titled Tuesday Blitz"]
[Site "Chess.com"]
[Date "2020.10.06"]
[Round "4"]
[White "maxip32"]
[Black "draksbg"]
[Result "1-0"]
[WhiteElo "2381"]
[BlackElo "2577"]
[TimeControl "180+1"]
[EndTime "10:37:04 PDT"]
[Termination "maxip32 won by resignation"]

1. e4 c5 2. Nf3 Nc6 3. d4 cxd4 4. Nxd4 g6 5. c4 Nf6 6. Nc3 d6 7. f3 Nxd4 8. Qxd4 Bg7 9. Be3 O-O 10. Qd2 a5 11. Na4 Nd7 12. Rd1 b6 13. Be2 Qc7 14. b3 Nc5 15. Nc3 a4 16. b4 Bxc3 17.
Qxc3 Ne6 18. a3 Ba6 19. Rc1 Rac8 20. Bh6 Bxc4 21. Bxf8 Nxf8 22. Qxc4 1-0

[Event "*** SCC Grand Prix: Titled Tuesday Blitz"]
[Site "Chess.com"]
[Date "2020.10.06"]
[Round "4"]
[White "Das_Virus_2020"]
[Black "Sesleria"]
[Result "1-0"]
[WhiteElo "2397"]
[BlackElo "2112"]
[TimeControl "180+1"]
[EndTime "10:37:05 PDT"]
[Termination "Das_Virus_2020 won by resignation"]

1. e4 e5 2. Nc3 Nf6 3. g3 Bc5 4. Bg2 d6 5. Nge2 Nc6 6. d3 Bg4 7. h3 Be6 8. Na4 Bb4+ 9. c3 Ba5 10. b4 Bb6 11. O-O Qd7 12. Kh2 O-O 13. f4 exf4 14. gxf4 d5 15. f5 dxe4 16. fxe6 Qxe6 17. Nf4 Qd6 18.
Nxb6 axb6 19. d4 g5 20. Kh1 gxf4 21. Bxf4 Qd5 22. Bh6 Qh5 23. Rxf6 1-0

[Event "*** SCC Grand Prix: Titled Tuesday Blitz"]
[Site "Chess.com"]
[Date "2020.10.06"]
[Round "4"]
[White "CzechmVIII"]
[Black "nochewycandy"]
[Result "0-1"]
[WhiteElo "2149"]
[BlackElo "2494"]
[TimeControl "180+1"]
[EndTime "10:37:10 PDT"]
[Termination "nochewycandy won by resignation"]

1. e4 g6 2. d4 Bg7 3. Nc3 d6 4. f4 a6 5. Nf3 b5 6. Bd3 Nd7 7.
e5 c5 8. e6 fxe6 9. Ng5 Nf8 10. dxc5 Bb7 11. cxd6 Bxg2 12. Be4 Bxe4 13. Ncxe4 h6 14.
Nf3 exd6 15. Nxd6+ Ke7 16. Ne4 Qxd1+ 17. Kxd1 Rc8 18. c3 Nd7 19. Be3 Ngf6 20. Nxf6 Bxf6 21. Ke2 Nc5 22. Bd4 Bxd4 23. Nxd4 Rhf8 24. Rhf1 Kf6 25. Rad1 Rfd8 26. Nf3 Na4 27. Rxd8 Rxd8 28. Ne5 Nxb2 29. Nc6 Rc8 30. Nb4 Rxc3 31. Rd1 Nxd1 0-1

[Event "*** SCC Grand Prix: Titled Tuesday Blitz"]
[Site "Chess.com"]
[Date "2020.10.06"]
[Round "4"]
[White "Kildepiotr"]
[Black "aloe_normansen"]
[Result "1-0"]
[WhiteElo "2589"]
[BlackElo "2364"]
[TimeControl "180+1"]
[EndTime "10:37:12 PDT"]
[Termination "Kildepiotr won by resignation"]

1. Nf3 Nf6 2. g3 g6 3. Bg2 Bg7 4. O-O O-O 5. d4 d5 6. c4 Nc6 7. cxd5 Nxd5 8. Nc3 Nb6 9. e3 a5 10. a4 Be6 11. Re1 Bc4 12. b3 Ba6 13. Bb2 Nb4 14. Bf1 Bxf1 15. Rxf1 c6 16. Ne4 Qd5 17. Nc5 e5 18. e4 Qd8 19. Nxb7 Qe7 20. Nc5 exd4 21. Rc1 Na2 22. Ra1 Nc3 23. Bxc3 dxc3 24. Nd3 c2 25. Qxc2 Bxa1 26. Rxa1 Qxe4 27. Nd2 Qd4 28. Rd1 Rad8 29.
Nb2 Rd6 30. Ndc4 Qxd1+ 31. Nxd1 Nxc4 32. bxc4 Rfd8 33. Ne3 Rd2 34. Qc3 Ra2 35. Ng4 f5 36. Nh6+ Kf8 37. Qf6+ 1-0

[Event "*** SCC Grand Prix: Titled Tuesday Blitz"]
[Site "Chess.com"]
[Date "2020.10.06"]
[Round "4"]
[White "tornikesanikidze"]
[Black "AsaHoffmann"]
[Result "1-0"]
[WhiteElo "2603"]
[BlackElo "2346"]
[TimeControl "180+1"]
[EndTime "10:37:16 PDT"]
[Termination "tornikesanikidze won by checkmate"]

1. d4 Nf6 2. c4 c5 3. d5 e5 4. Nc3 d6 5. e4 Be7 6. Bd3 Nbd7 7.
Nge2 Nf8 8. Ng3 g6 9. h3 h5 10.
f4 exf4 11. Bxf4 h4 12. Nf1 Nh5 13. Bh2 Bf6 14. Qe2 a6 15. e5 Bxe5 16. Bxe5 dxe5 17.
Qxe5+ Qe7 18. Qxe7+ Kxe7 19. O-O-O Nf4 20. Be4 Nd7 21.
d6+ Kf8 22. Ne3 Kg7 23. Ned5 Ne6 24. Rhe1 Rd8 25. Nc7 Rb8 26. Nxe6+ fxe6 27. Bc2 Nf6 28. Ne4 Nxe4 29. Rxe4 g5 30. Re5 Kh6 31. Rf1 Bd7 32. Rf7 b5 33. Rh7# 1-0

[Event "*** SCC Grand Prix: Titled Tuesday Blitz"]
[Site "Chess.com"]
[Date "2020.10.06"]
[Round "4"]
[White "Evachess2006"]
[Black "Orest_Vovk"]
[Result "0-1"]
[WhiteElo "1628"]
[BlackElo "2449"]
[TimeControl "180+1"]
[EndTime "10:37:16 PDT"]
[Termination "Orest_Vovk won by resignation"]

1. e4 Nc6 2. Nf3 d5 3. exd5 Qxd5 4. d4 Bg4 5. Be2 O-O-O 6. Be3 e5 7. dxe5 Qxd1+ 8. Bxd1 Nxe5 9. h3 Nxf3+ 10. gxf3 Rxd1+ 11. Kxd1 Bxf3+ 12. Kd2 Bxh1 13. Nc3 Bc6 14. Rg1 Nf6 15. Bd4 Ne8 16. f4 Rg8 17. h4 Be7 18. h5 Bf6 19. Kd3 Bxd4 20. Kxd4 Nd6 21. h6 g6 22. Ke5 Ne8 23.
f5 g5 24. f6 Rg6 25. b4 Nxf6 26. b5 Bf3 27. Rf1 Ng4+ 28. Kf5 Ne3+ 0-1

[Event "*** SCC Grand Prix: Titled Tuesday Blitz"]
[Site "Chess.com"]
[Date "2020.10.06"]
[Round "4"]
[White "PawnEatingZombie"]
[Black "googlegoom"]
[Result "0-1"]
[WhiteElo "2205"]
[BlackElo "2420"]
[TimeControl "180+1"]
[EndTime "10:37:17 PDT"]
[Termination "googlegoom won on time"]

1. d4 d5 2. c4 c6 3. Nc3 Nf6 4. e3 e6 5. Nf3 Nbd7 6. Qc2 Bd6 7. Bd3 dxc4 8. Bxc4 e5 9. h3 O-O 10. O-O Qe7 11.
Bb3 h6 12. Nh4 Qd8 13. Nf5 Nb6 14. Nxd6 Qxd6 15. dxe5 Qxe5 16. e4 Be6 17. Be3 Bxb3 18. axb3 Rfe8 19. f4 Qe7 20. e5 Nfd5 21. Rae1 Nxe3 22.
Rxe3 Qc5 23. Qf2 Rad8 24. Ne4 Qb4 25. Nd6 Re7 26. f5 Qc5 27. f6 Rxe5 28. Rxe5 Qxe5 29. Nxf7 Kxf7 30. fxg7+ Kxg7 31. Qf7+ Kh8 32. Qg6 Qg7 0-1

[Event "*** SCC Grand Prix: Titled Tuesday Blitz"]
[Site "Chess.com"]
[Date "2020.10.06"]
[Round "4"]
[White "Larina_Marija"]
[Black "WIDBIFS"]
[Result "1/2-1/2"]
[WhiteElo "2220"]
[BlackElo "2737"]
[TimeControl "180+1"]
[EndTime "10:37:19 PDT"]
[Termination "Game drawn by repetition"]

1. e4 g6 2. d4 Bg7 3. Nc3 c6 4.
a4 d5 5. Nf3 Bg4 6. Be3 Nf6 7.
e5 Ne4 8. Nxe4 dxe4 9. h3 Bxf3 10. gxf3 exf3 11. Qxf3 e6 12. h4 h5 13. Bg2 Nd7 14.
c3 Nb6 15. a5 Nd5 16. Bg5 Qd7 17. O-O O-O 18. Rfe1 Rfc8 19. Qg3 b5 20. Bf3 Kh7 21. Kh2 Ne7 22. Bxe7 Qxe7 23. Be4 Rab8 24. Rg1 Kh8 25.
b4 Rc7 26. f4 Bh6 27. Kh3 Rg8 28. Raf1 Qd7 29. Qf3 Rg7 30. Rg2 Qe8 31. Rfg1 Rc8 32.
Rg3 Rc7 33. Qg2 Rc8 34. Qf3 Rc7 35. R3g2 Rc8 36. Rg3 1/2-1/2

[Event "*** SCC Grand Prix: Titled Tuesday Blitz"]
[Site "Chess.com"]
[Date "2020.10.06"]
[Round "4"]
[White "vladimirdamjanovic"]
[Black "BocharovD"]
[Result "0-1"]
[WhiteElo "2548"]
[BlackElo "2805"]
[TimeControl "180+1"]
[EndTime "10:37:20 PDT"]
[Termination "BocharovD won by resignation"]

1. e4 c5 2. Nf3 d6 3. d4 cxd4 4.
Nxd4 Nf6 5. Nc3 a6 6. Qf3 Nbd7 7. h3 Qc7 8. g4 h6 9. Be3 b5 10. a3 Bb7 11. O-O-O Rc8 12. Bd3 Ne5 13. Qg3 Nxd3+ 14. cxd3 e5 15. Ne2 d5 16. exd5 Nxd5 17.
Kb1 Nxe3 18. fxe3 b4 19. axb4 Bxh1 20. Rxh1 Bxb4 21. g5 hxg5 22. Qxg5 f6 23. Qg6+ Qf7 24. Qg4 Qb7 25. Qg6+ Kf8 26. Rc1 Bxc3 27. Nxc3 Rxh3 28. Qf5 Rh2 29. Rc2 Rxc2 30. Kxc2 Rb8 31. Nd1 Qc8+ 32. Qxc8+ Rxc8+ 33. Kd2 Ke7 34. Nf2 Ke6 35. e4 f5 36.
exf5+ Kxf5 37. Ne4 Rb8 38. Kc3 g5 39. b4 g4 40. Kc4 Kf4 0-1

[Event "*** SCC Grand Prix: Titled Tuesday Blitz"]
[Site "Chess.com"]
[Date "2020.10.06"]
[Round "4"]
[White "NikolaGry"]
[Black "nickmatta"]
[Result "1-0"]
[WhiteElo "2619"]
[BlackElo "2382"]
[TimeControl "180+1"]
[EndTime "10:37:20 PDT"]
[Termination "NikolaGry won by resignation"]

1. b3 e5 2. Bb2 Nc6 3. c4 Nf6 4. e3 d5 5. cxd5 Nxd5 6. a3 Be7 7. d3 O-O 8. Nf3 Bf6 9. Qc2 g6 10. Nbd2 Bg7 11. Be2 Be6 12. O-O Qd7 13. Rac1 h6 14. b4 a6 15. Nb3 Qe7 16. Nc5 Bc8 17. Rfd1 Nb6 18. Nxa6 bxa6 19. Qxc6 e4 20. Bxg7 exf3 21. Bxf8 Qxf8 22. Bxf3 Ra7 23. Qc5 Qd8 24. d4 Bd7 25.
d5 Nc8 26. e4 Qf6 27. Qd4 Qxd4 28. Rxd4 a5 29. e5 axb4 30. axb4 Ra2 31. h4 Bf5 32. g4 1-0

[Event "*** SCC Grand Prix: Titled Tuesday Blitz"]
[Site "Chess.com"]
[Date "2020.10.06"]
[Round "4"]
[White "DariaVoit"]
[Black "sokidze"]
[Result "0-1"]
[WhiteElo "2498"]
[BlackElo "2709"]
[TimeControl "180+1"]
[EndTime "10:37:21 PDT"]
[Termination "sokidze won by resignation"]

1. f4 c5 2. Nf3 Nc6 3. g3 g6 4.
Bg2 Bg7 5. O-O d6 6. c4 e5 7. Nc3 exf4 8. gxf4 Nge7 9. e4 O-O 10. d3 Bg4 11.
Be3 Nd4 12. Qd2 Nec6 13. Nd5 Bxf3 14. Bxf3 Nxf3+ 15. Rxf3 Nd4 16. Rh3 Qd7 17. Qg2 f5 18. Rf1 Rae8 19. Kh1 Rf7 20. b3 Qe6 21. Re1 fxe4 22.
Bxd4 Bxd4 23. dxe4 Bg7 24. Qg5 Qxh3 0-1

[Event "*** SCC Grand Prix: Titled Tuesday Blitz"]
[Site "Chess.com"]
[Date "2020.10.06"]
[Round "4"]
[White "DishonorOnYourCow"]
[Black "Legendinunknown"]
[Result "0-1"]
[WhiteElo "2412"]
[BlackElo "2644"]
[TimeControl "180+1"]
[EndTime "10:37:26 PDT"]
[Termination "Legendinunknown won by checkmate"]

1. d4 d5 2. c4 c6 3. Nf3 Nf6 4. e3 e6 5. b3 Nbd7 6. Bb2 Bb4+ 7. Nbd2 Ne4 8. Bd3 f5 9. Qc2 O-O 10. O-O Qf6 11. a3 Bd6 12. h3 Qh6 13. Ne5 Ndf6 14.
Nxe4 Nxe4 15. f4 Bxe5 16. dxe5 Bd7 17. Bxe4 fxe4 18. b4 Rf7 19. Rad1 Raf8 20. b5 g5 21. cxd5 cxd5 22. a4 gxf4 23. Ba3 Rc8 24. Qe2 f3 25. gxf3 Qxh3 26. Qh2 Rg7+ 27. Kh1 Qxh2+ 28. Kxh2 Rc2+ 29.
Kh1 Rc3 30. fxe4 Rxa3 31. exd5 Rxe3 32. dxe6 Rh3# 0-1

[Event "*** SCC Grand Prix: Titled Tuesday Blitz"]
[Site "Chess.com"]
[Date "2020.10.06"]
[Round "4"]
[White "Me_ch_an"]
[Black "DamianoLew95"]
[Result "0-1"]
[WhiteElo "2332"]
[BlackElo "2543"]
[TimeControl "180+1"]
[EndTime "10:37:30 PDT"]
[Termination "DamianoLew95 won on time"]

1. e4 g6 2. Nc3 Bg7 3. g3 c5 4. d3 Nc6 5. Be3 b6 6. Qd2 Bb7 7. Bg2 Nd4 8. Nd1 d5 9. c3 dxe4 10. dxe4 Ne6 11. Qxd8+ Rxd8 12. Ne2 Ba6 13. a4 Nf6 14. h3 O-O 15. a5 Bb5 16. f4 Rd7 17. Nf2 Rfd8 18. g4 h6 19. axb6 axb6 20. b3 Kf8 21. Rc1 Bxe2 22. Kxe2 g5 23. f5 Nf4+ 24. Bxf4 gxf4 25. Rhd1 Ne8 26. Rxd7 Rxd7 27. Rd1 Ra7 28. c4 e5 29. Nd3 Bf6 30. Nb2 Ra2 31. Rd2 Bg5 32.
Bf3 Ra3 33. Rd3 Nc7 34. Na4 Ra2+ 35. Rd2 b5 0-1

[Event "*** SCC Grand Prix: Titled Tuesday Blitz"]
[Site "Chess.com"]
[Date "2020.10.06"]
[Round "4"]
[White "Durarbayli"]
[Black "Keithonsky"]
[Result "0-1"]
[WhiteElo "2803"]
[BlackElo "2594"]
[TimeControl "180+1"]
[EndTime "10:37:32 PDT"]
[Termination "Keithonsky won on time"]

1. e4 e6 2. d4 d5 3. e5 c5 4. c3 Nc6 5. Nf3 Bd7 6. Be2 Qc7 7. O-O f6 8. Re1 O-O-O 9. Bb5 h6 10. Bxc6 Qxc6 11. Nbd2 f5 12. dxc5 Bxc5 13. Nd4 Qc7 14. b4 Bb6 15. Bb2 Kb8 16. a4 a6 17. Rc1 Bxd4 18.
cxd4 Qb6 19. Qb3 Ne7 20. Rc5 g5 21. b5 Rc8 22. Ba3 Ng6 23. Qc3 Ka8 24. a5 Qxb5 25. Rb1 Nf4 26. Kh1 Qd3 27. Qb2 Bb5 28. g3 Nh3 29. Kg2 g4 30. Rbc1 Rxc5 31. Bxc5 f4 32. Nf1 f3+ 0-1

[Event "*** SCC Grand Prix: Titled Tuesday Blitz"]
[Site "Chess.com"]
[Date "2020.10.06"]
[Round "4"]
[White "Gusarov91"]
[Black "fabianvivasz"]
[Result "1-0"]
[WhiteElo "2581"]
[BlackElo "2362"]
[TimeControl "180+1"]
[EndTime "10:37:32 PDT"]
[Termination "Gusarov91 won on time"]

1. d4 Nf6 2. Nf3 g6 3. c4 Bg7 4. Nc3 d5 5. Bf4 O-O 6. e3 c5 7.
dxc5 Qa5 8. Rc1 dxc4 9. Bxc4 Qxc5 10. Bb3 Qa5 11. O-O Nc6 12. h3 Rd8 13. Qe2 b6 14.
Ng5 e6 15. Nb5 Ba6 16. a4 Nb4 17. Nxf7 Kxf7 18. Rc7+ Kg8 19. Bxe6+ Kh8 20. Qf3 Rf8 21. Bd6 Bxb5 22. axb5 Qxb5 23. Bxf8 Rxf8 24. Qb7 Ne8 25. Rf7 Rxf7 26. Qxf7 Nf6 27. Rc1 Nc6 28. Bd7 Nxd7 29. Qxd7 Qxb2 30. Qe8+ 1-0

[Event "*** SCC Grand Prix: Titled Tuesday Blitz"]
[Site "Chess.com"]
[Date "2020.10.06"]
[Round "4"]
[White "TomiLen"]
[Black "AlexeiShirov"]
[Result "0-1"]
[WhiteElo "2558"]
[BlackElo "2841"]
[TimeControl "180+1"]
[EndTime "10:37:33 PDT"]
[Termination "AlexeiShirov won by resignation"]

1. c4 c6 2. Nc3 d5 3. d4 Nf6 4. Nf3 e6 5. cxd5 exd5 6. Qc2 Na6 7. Bg5 h6 8. Bxf6 Qxf6 9. e3 Bf5 10. Qd2 Nc7 11. Bd3 Bb4 12. O-O O-O 13. a3 Bd6 14.
e4 dxe4 15. Bxe4 Bg4 16. h3 Bh5 17. Rfe1 Rfe8 18. Qd3 Ne6 19. g3 Rad8 20. Rad1 Ng5 21. Nxg5 Bxd1 22. Nh7 Qe6 23. Rxd1 Bc5 24. Bf5 Qb3 25.
Qf3 Bxd4 26. Qg4 Bxc3 27. Rxd8 Rxd8 28. bxc3 Qd1+ 0-1

[Event "*** SCC Grand Prix: Titled Tuesday Blitz"]
[Site "Chess.com"]
[Date "2020.10.06"]
[Round "4"]
[White "FloMasterAAK"]
[Black "DenLaz"]
[Result "0-1"]
[WhiteElo "2550"]
[BlackElo "2812"]
[TimeControl "180+1"]
[EndTime "10:37:35 PDT"]
[Termination "DenLaz won by resignation"]

1. e4 e5 2. Nf3 Nc6 3. Bc4 Bc5 4. O-O Nf6 5. d3 d6 6. h3 h6 7. c3 a6 8. Re1 O-O 9. Nbd2 Be6 10. b4 Ba7 11.
Bb3 Ne7 12. Nh4 Bxb3 13. Qxb3 Qd7 14. Nf1 Qe6 15. Qc2 Nh5 16. Ne3 Bxe3 17. Bxe3 f5 18. exf5 Nxf5 19. Nxf5 Qxf5 20. Qd2 Qg6 21. d4 e4 22. Kh2 d5 23. a4 Rf7 24. b5 Raf8 25.
bxa6 bxa6 26. Qa2 c6 27. c4 Qd6+ 28. Kg1 Nf4 29. cxd5 cxd5 30. Bxf4 Rxf4 31. Rac1 Rxf2 32. Qxf2 Rxf2 33. Kxf2 Qf6+ 34. Ke3 Qg5+ 35. Kf2 Qd2+ 36. Kg1 Qxd4+ 37. Kh2 Qxa4 38. Rcd1 Qc4 39. Kh1 a5 40. Rd2 Kh7 41. Red1 e3 42. Rb2 a4 43. Kg1 d4 44.
Ra1 d3 0-1

[Event "*** SCC Grand Prix: Titled Tuesday Blitz"]
[Site "Chess.com"]
[Date "2020.10.06"]
[Round "4"]
[White "ljuks68"]
[Black "valeriocarnicelli"]
[Result "0-1"]
[WhiteElo "2332"]
[BlackElo "2537"]
[TimeControl "180+1"]
[EndTime "10:37:35 PDT"]
[Termination "valeriocarnicelli won by resignation"]

1. e4 c5 2. Nf3 Nc6 3. d4 cxd4 4. Nxd4 Nf6 5. Nc3 e5 6. Ndb5 d6 7. Nd5 Nxd5 8. exd5 Ne7 9. c3 a6 10. Qa4 axb5 11. Bxb5+ Bd7 12. Bxd7+ Qxd7 13. Qxa8+ Qd8 14. Qxd8+ Kxd8 15. c4 g6 16. Be3 Bg7 17. O-O f5 18. a4 Kd7 19. a5 Ra8 20. b4 f4 21. Bd2 Nf5 22. Bc3 Rc8 23. c5 dxc5 24. b5 Nd6 25. Rfb1 Ra8 26. a6 b6 27. a7 Nc8 28. Ra6 Rxa7 29. Rxa7+ Nxa7 30. Ra1 Nxb5 31. Bb2 Nc7 32.
Ra7 Kd6 33. Bc3 Bf6 34. Rb7 Nxd5 35. Bb2 h5 36. g3 g5 37. h3 c4 38. Ba3+ Ke6 39.
Rh7 h4 40. gxh4 gxh4 0-1

[Event "*** SCC Grand Prix: Titled Tuesday Blitz"]
[Site "Chess.com"]
[Date "2020.10.06"]
[Round "4"]
[White "Infernal_XaM"]
[Black "DanielDardha2005"]
[Result "1-0"]
[WhiteElo "2882"]
[BlackElo "2680"]
[TimeControl "180+1"]
[EndTime "10:37:41 PDT"]
[Termination "Infernal_XaM won by checkmate"]

1. d4 Nf6 2. c4 e6 3. Nf3 Bb4+ 4. Bd2 Be7 5. Nc3 d5 6. g4 O-O 7. Qc2 dxc4 8. g5 Nd5 9. e4 Nb4 10. Qb1 N8c6 11. Be3 f5 12. gxf6 Bxf6 13. e5 Bh4 14.
Qe4 Rxf3 15. O-O-O Rf8 16. Bxc4 Na5 17. Be2 Nd5 18.
Bd3 g6 19. Rdg1 Rf7 20. Rg4 Bxf2 21. Bh6 Ne7 22. h4 Nf5 23. h5 Qxd4 24. hxg6 Qxe4 25. gxf7+ Kxf7 26. Nxe4 Bd4 27. Ng5+ Ke7 28. Bxf5 Be3+ 29. Kb1 exf5 30. Ra4 Nc6 31. Nf3 f4 32. Bg5+ Kf7 33. Rxh7+ Kg6 34. Rh6+ Kg7 35. Rf6 Bg4 36. Bh6+ Kh7 37.
Ng5+ Kg8 38. Rg6+ Kh8 39. Nf7+ Kh7 40. Rg7# 1-0